 Dungeon Crawl Stone Soup version 0.29.1-12-g30fa7ad0bf (webtiles) character file.

Game seed: 1488017932536626212

501184 GeoRichter the Worldbinder (level 24, 0/151 HPs)
             Began as a Gargoyle Fire Elementalist on Dec 27, 2022.
             Was an Initiate of Gozag.
             Slain by Tiamat
             ... wielding a +1 glaive of venom
              (72 damage)
             ... on level 1 of the Realm of Zot.
             The game lasted 02:28:16 (57240 turns).

GeoRichter the Worldbinder (GrFE)                  Turns: 57240, Time: 02:28:17

Health: 0/151      AC: 33    Str: 26    XL:     24   Next: 92%
Magic:  0/42       EV: 16    Int: 31    God:    Gozag
Gold:   2957       SH:  7    Dex: 16    Spells: 25/61 levels left

rFire   + + .      SeeInvis +   a - +9 demon trident (venom)
rCold   + + .      Faith    .   V - +1 buckler {rC+}
rNeg    + . .      Spirit   +   Q - +4 moon troll leather armour {Spirit, Regen++ MP+5}
rPois   ∞          Reflect  .   t - +2 hat
rElec   +          Harm     .   m - +0 cloak {Will+}
rCorr   .          Rampage  .   S - +2 pair of gloves {Stlth+}
Will    ++...                   T - +1 pair of boots of a Labyrinth {Regen+ Str+5}
Stlth   ++........              K - amulet "Tywewk" {RegenMP +Blink MP-9 SInv}
HPRegen 2.75/turn               k - ring of Pima {rPois rF+ Str+2 Int+6}
MPRegen 0.68/turn               y - ring "Siur" {rF+ rC+ Str+4 Dex+6 Stlth-}

@: forested, corroded, gold aura, flying, hasted, studying Dodging, bribing [the
Realm of Zot], very quick
A: sickness immunity, AC +18, big wings, negative energy resistance 1,
electricity resistance, torment resistance 1, petrification resistance
}: 3/15 runes: decaying, serpentine, silver
a: Renounce Religion, Evoke Blink, Potion Petition, Call Merchant, Bribe Branch


You were on level 1 of the Realm of Zot.
You worshipped Gozag.
Gozag was most pleased with you.
You visited 10 branches of the dungeon, and saw 44 of its levels.
You visited the Abyss 1 time.
You also visited: Ice Cave.

You collected 24466 gold pieces.
You spent 6771 gold pieces at shops.
You paid 14738 gold pieces to Gozag.

Inventory:

Hand Weapons
 a - a +9 demon trident of venom (weapon)
   (You took it off Mara on level 3 of the Snake Pit)
 v - the +1 mace of the Healing Spider {speed, Dex+4}
   (You took it off a spriggan air mage on level 3 of the Depths)

   Attacks with this weapon are significantly faster.
   Dex:       It affects your dexterity (+4).
Missiles
 e - 8 curare-tipped darts {!f}
 L - 5 throwing nets {!f}
Armour
 b - a +2 tower shield of fire resistance
   (You took it off a naga warrior on level 1 of the Snake Pit)
 m - a +0 cloak of willpower (worn)
   (You took it off Nikola on level 4 of the Snake Pit)
 t - a +2 hat (worn)
   (You took it off Gastronok on level 1 of the Lair of Beasts)
 G - the +3 cloak of Polytheism {rC+ Stlth+}
   (You found it on level 1 of the Swamp)

   rC:        It protects you from cold.
   Stlth:     It makes you more stealthy.
 J - the +3 robe "Kixomn" {Drain Will+++ Archmagi}
   (You bought it in a shop on level 3 of the Vaults)

   Drain:     It drains your maximum health when unequipped.
   Archmagi:  It increases the power of your magical spells.
   Will:      It greatly increases your willpower.
 Q - the +4 moon troll leather armour (worn) {Spirit, Regen++ MP+5}
   (You bought it in a shop on level 9 of the Dungeon)

   MP:        It affects your magic capacity (+5).
   Regen:     It increases your rate of health regeneration.
 R - the +3 pair of seven-league boots {Rampage+∞}
   (You bought it in a shop on level 9 of the Dungeon)

   Its wearer moves as far as possible in that direction when moving towards
   enemies.
 S - a +2 pair of gloves of stealth (worn)
   (You bought it in a shop on level 9 of the Dungeon)
 T - the +1 pair of boots of a Labyrinth (worn) {Regen+ Str+5}
   (You acquired it on level 3 of the Depths)

   Str:       It affects your strength (+5).
   Regen:     It increases your rate of health regeneration.
 V - a +1 buckler of cold resistance (worn)
   (You found it in an ice cave)
 Y - the +1 leather armour of Cocytus {rPois}
   (You found it on level 3 of the Depths)

   rPois:     It protects you from poison.
 Z - a +0 buckler of protection
   (You took it off a tengu reaver on level 4 of the Vaults)
Jewellery
 k - the ring of Pima (left hand) {rPois rF+ Str+2 Int+6}
   (You bought it in a shop on level 5 of the Vaults)

   [ring of intelligence]

   Str:       It affects your strength (+2).
   Int:       It affects your intelligence (+6).
   rF:        It protects you from fire.
   rPois:     It protects you from poison.
 y - the ring "Siur" (right hand) {rF+ rC+ Str+4 Dex+6 Stlth-}
   (You bought it in a shop on level 9 of the Dungeon)

   [ring of dexterity]

   Str:       It affects your strength (+4).
   Dex:       It affects your dexterity (+6).
   rF:        It protects you from fire.
   rC:        It protects you from cold.
   Stlth:     It makes you less stealthy.
 D - the ring of Ikhaku {rN+ Str+5 SInv}
   (You found it on level 12 of the Dungeon)

   [ring of positive energy]

   Str:       It affects your strength (+5).
   rN:        It protects you from negative energy.
   SInv:      It lets you see invisible.
 I - a ring of willpower
   (You found it on level 7 of the Dungeon)
 K - the amulet "Tywewk" (around neck) {RegenMP +Blink MP-9 SInv}
   (You found it on level 1 of the Swamp)

   [amulet of magic regeneration]

   It increases your rate of magic regeneration.
   MP:        It affects your magic capacity (-9).
   SInv:      It lets you see invisible.
   +Blink:    It lets you blink.
 X - the ring "Entu" {Ice Str+2 Int+3 SInv}
   (You found it on level 4 of the Vaults)

   [ring of ice]

   It enhances your ice magic.
   Str:       It affects your strength (+2).
   Int:       It affects your intelligence (+3).
   rF:        It makes you vulnerable to fire.
   rC:        It protects you from cold.
   SInv:      It lets you see invisible.
Wands
 F - a wand of light (23)
   (You found it on level 9 of the Dungeon)
 M - a wand of mindburst (48)
   (You found it on level 9 of the Dungeon)
 O - a wand of iceblast (23)
   (You found it on level 3 of the Lair of Beasts)
 P - a wand of digging (26)
   (You found it on level 4 of the Lair of Beasts)
 U - a wand of charming (23)
   (You found it on level 13 of the Dungeon)
Scrolls
 c - 11 scrolls of teleportation {@r4}
 d - 12 scrolls of poison
 f - 6 scrolls of fear
 g - 7 scrolls of vulnerability {!r}
 j - 8 scrolls of enchant weapon
 l - 6 scrolls of enchant armour
 n - 6 scrolls of immolation {!r}
 s - 3 scrolls of magic mapping
 A - 5 scrolls of blinking
 C - 7 scrolls of butterflies
 N - 2 scrolls of brand weapon
 W - 3 scrolls of summoning
Potions
 h - 17 potions of curing {@q1}
 i - 5 potions of haste {@q3}
 o - 2 potions of resistance
 p - 2 potions of heal wounds {@q2}
 q - 7 potions of might
 r - 3 potions of invisibility
 u - 4 potions of berserk rage
 w - 7 potions of mutation {!q}
 x - 8 potions of brilliance
 z - 10 potions of lignification {!q}
 B - 5 potions of cancellation
 E - 9 potions of attraction {!q}
 H - 6 potions of ambrosia


   Skills:
 + Level 15.3 Fighting
 - Level 14.0 Polearms
 + Level 8.3 Armour
 + Level 9.3 Dodging
 - Level 2.1 Stealth
 + Level 6.4 Shields
 + Level 19.4 Spellcasting
 - Level 4.0 Conjurations
 * Level 24.1 Summonings
 - Level 15.0 Translocations
 - Level 5.0 Fire Magic


You had 25 spell levels left.
You knew the following spells:

 Your Spells              Type           Power      Damage    Failure   Level
c - Summon Horrible Thin  Summ           55%        N/A       1%          8
d - Call Canine Familiar  Summ           100%       N/A       0%          3
e - Summon Forest         Summ/Tloc      50%        N/A       0%          5
f - Summon Cactus Giant   Summ           55%        N/A       0%          6
g - Malign Gateway        Summ/Tloc      50%        N/A       1%          7
h - Monstrous Menagerie   Summ           55%        N/A       1%          7

Your spell library contained the following spells:

 Spells                   Type           Power      Damage    Failure   Level
 Apportation              Tloc           100%       N/A       0%          1
 Blink                    Tloc           100%       N/A       0%          2
 Gell's Gravitas          Tloc           89%        N/A       0%          3
 Lesser Beckoning         Tloc           89%        N/A       0%          3
 Teleport Other           Tloc           89%        N/A       0%          3
 Foxfire                  Conj/Fire      100%       2x1d9     1%          1
 Freeze                   Ice            100%       1d11      1%          1
 Magic Dart               Conj           100%       1d8       1%          1
 Necrotise                Necr           100%       1d9       1%          1
 Sandblast                Erth           60%        2d14      1%          1
 Shock                    Conj/Air       100%       1d9       1%          1
 Slow                     Hex            100%       N/A       1%          1
 Sting                    Tmut/Pois      100%       1d8       1%          1
 Scorch                   Fire           100%       2d10      1%          2
 Searing Ray              Conj           100%       2d8       1%          2
 Static Discharge         Conj/Air       42%        3-9/arc   1%          2
 Conjure Flame            Conj/Fire      55%        6-21      1%          3
 Inner Flame              Hex/Fire       45%        N/A       1%          3
 Portal Projectile        Hex/Tloc       100%       N/A       1%          3
 Summon Guardian Golem    Hex/Summ       81%        N/A       1%          3
 Animate Armour           Summ/Erth      100%       N/A       1%          4
 Iskenderun's Mystic Bla  Conj/Tloc      73%        2d15      1%          4
 Passage of Golubria      Tloc           89%        N/A       1%          4
 Summon Ice Beast         Ice/Summ       81%        N/A       1%          4
 Manifold Assault         Tloc           89%        N/A       1%          5
 Summon Mana Viper        Hex/Summ       81%        N/A       1%          5
 Summon Hydra             Summ           55%        N/A       1%          7
 Ensorcelled Hibernation  Hex/Ice        60%        N/A       2%          2
 Passwall                 Tmut/Erth      25%        N/A       2%          2
 Poisonous Vapours        Pois/Air       60%        N/A       2%          2
 Wereblood                Tmut           30%        N/A       2%          2
 Dazzling Flash           Conj/Hex       84%        N/A       2%          3
 Ignite Poison            Fire/Tmut/Pois 40%        N/A       2%          3
 Stone Arrow              Conj/Erth      84%        3d12      2%          3
 Flame Wave               Conj/Fire      55%        2d13      2%          4
 Sticky Flame             Conj/Fire      55%        2d7       2%          4
 Mephitic Cloud           Conj/Pois/Air  38%        N/A       3%          3
 Spellforged Servitor     Conj/Summ      43%        N/A       4%          7
 Frozen Ramparts          Ice            60%        1d10      5%          3
 Spider Form              Tmut/Pois      30%        N/A       5%          3
 Swiftness                Air            30%        N/A       5%          3
 Tukima's Dance           Hex            30%        N/A       5%          3
 Vampiric Draining        Necr           30%        2d8       5%          3
 Fulminant Prism          Conj/Hex       21%        3d13      8%          4
 Hailstorm                Conj/Ice       42%        3d10      8%          4
 Fireball                 Conj/Fire      27%        3d12      8%          5
 Iskenderun's Battlesphe  Conj           53%        2d10      10%         5
 Haunt                    Necr/Summ      40%        N/A       11%         7
 Airstrike                Air            15%        2d(3-19)  17%         4
 Anguish                  Hex/Necr       15%        N/A       17%         4
 Dispel Undead            Necr           30%        3d14      17%         4
 Ice Form                 Ice/Tmut       30%        N/A       17%         4
 Leda's Liquefaction      Hex/Erth       15%        N/A       17%         4
 Olgreb's Toxic Radiance  Pois           30%        N/A       17%         4
 Petrify                  Tmut/Erth      30%        N/A       17%         4
 Irradiate                Conj/Tmut      21%        3d18      22%         5
 Lightning Bolt           Conj/Air       21%        1d36      22%         5
 Freezing Cloud           Conj/Ice/Air   19%        6-21      28%         5
 Starburst                Conj/Fire      27%        6d9       38%         6
 Agony                    Necr           30%        N/A       43%         5
 Alistair's Intoxication  Tmut/Pois      20%        N/A       43%         5
 Blade Hands              Tmut           15%        N/A       43%         5
 Borgnjor's Vile Clutch   Necr/Erth      15%        N/A       43%         5
 Lee's Rapid Deconstruct  Erth           15%        3d11*     43%         5
 Silence                  Hex/Air        15%        N/A       43%         5
 Yara's Violent Unravell  Hex/Tmut       15%        3d8       43%         5
 Conjure Ball Lightning   Conj/Air       21%        3x3d6     75%         6
 Iron Shot                Conj/Erth      21%        9d5       75%         6
 Death Channel            Necr           15%        N/A       95%         6
 Eringya's Noxious Bog    Tmut/Pois      15%        N/A       95%         6
 Dragon Form              Tmut           15%        N/A       100%        7
 Enfeeble                 Hex            15%        N/A       100%        7
 Storm Form               Tmut/Air       15%        N/A       100%        7
 Ignition                 Fire           28%        3d9       100%        8
 Lehudib's Crystal Spear  Conj/Erth      21%        10d6      100%        8
 Maxwell's Capacitive Co  Air            15%        ∞         100%        8
 Fire Storm               Conj/Fire      27%        8d7       100%        9
 Polar Vortex             Ice            15%        N/A       100%        9
 Sublimation of Blood     Necr           Unusable   N/A       N/A         2
 Corpse Rot               Necr/Pois/Air  Unusable   N/A       N/A         4
 Simulacrum               Ice/Necr       Unusable   N/A       N/A         6

Dungeon Overview and Level Annotations

Branches:
Dungeon (15/15) Zot: 25300  Temple (1/1) D:4 Zot: 5987    Lair (5/5) D:11 Zot: 21941
  Swamp (4/4) Lair:3 Zot: 20059   Snake (4/4) Lair:2 Zot: 18133   Slime (0/5) Lair:5
    Orc (2/2) D:9 Zot: 9504     Elf (3/3) Orc:2 Zot: 13567  Vaults (5/5) D:13 Zot: 22399
  Crypt (0/3) Vaults:2     Depths (4/4) D:15 Zot: 20281     Zot (1/5) Depths:4 Zot: 5971
  IceCv (visited)

Altars:
Cheibriados
Dithmenos
Gozag
Kikubaaqudgha
Makhleb
Okawaru
Qazlal
Ru
Uskayaw
Wu Jian
Xom
Yredelemnul
Zin
The Shining One
Lugonu

Shops:
D:3 !   D:4 *   D:9 *=[   D:10 ?   Orc:2 (*:[(   Elf:1 **   Vaults:1 (
Vaults:3 ![   Vaults:5 *?[=

Portals:
Hell: Depths:1 Depths:2 Depths:3 Depths:4
Abyss: Depths:1 Depths:3
Pandemonium: Depths:1 Depths:2
Ziggurat: Depths:3
Trove: D:10 (give +3 gold dragon scales)

Annotations:
Lair:5 exclusion: obsidian statue
Swamp:3 2 transporters, Merkmiralles's ghost, journeyman MiBe
Snake:1 2 transporters, Rrauwl's ghost, adept MiAK
Depths:2 exclusion: 2 orange crystal statues
Zot:1 Tiamat


Innate Abilities, Weirdness & Mutations

You are immune to sickness and miasma.
Your stone body is resilient. (AC +18)
You are immune to poison.
Your large and strong wings let you fly.
You resist negative energy. (rN+)
You are resistant to electric shocks. (rElec)
You are resistant to unholy torment.
You are immune to petrification.


Message History

Tiamat roars!
Your tentacled monstrosity tentacle-slaps the green draconian monk but does no damage.
Your tentacled monstrosity misses the green draconian monk.
Your tentacled monstrosity tentacle-slaps the green draconian monk.
Your tentacled monstrosity constricts Tiamat.
Your large abomination barely misses Tiamat.
Tiamat hits you from afar with a +1 glaive of venom!!
* * * LOW HITPOINT WARNING * * *
You feel much better.
Tiamat is hit by a branch!
The yellow draconian is no longer distracted by gold.
A root smacks the yellow draconian from below!
Your tentacled monstrosity barely misses the green draconian monk.
Your tentacled monstrosity tentacle-slaps the green draconian monk!
Your tentacled monstrosity tentacle-slaps the green draconian monk.
Your tentacled monstrosity constricts Tiamat.
The green draconian monk barely misses you.
The green draconian monk splashes around in the water.
You block the green draconian monk's attack.
The green draconian monk splashes around in the water.
Your large abomination hits the yellow draconian!!
Your dryad calls out to the forest.
Vines fly forth from the trees!
The yellow draconian spits acid at your large abomination.
The glob of acid hits your large abomination!
The acid corrodes your large abomination!
The acid splashes onto you! The acid corrodes you!
You are splashed with acid!
The acid splashes onto the green draconian monk!
The green draconian monk is splashed with acid.
The acid corrodes the green draconian monk!
The acid splashes onto your snaplasher vine!
Your snaplasher vine is splashed with acid.
The acid corrodes your snaplasher vine!
Tiamat hits your dryad with a +1 glaive of venom!!!!
Your dryad dies!
Your dryad's corpse disappears in a puff of smoke!
The forest abruptly stops moving.
The vines fall limply to the ground.
Tiamat roars!
You feel yourself speed up.
Your large abomination hits Tiamat.
Your tentacled monstrosity loses its grip on Tiamat.
Your large abomination hits the yellow draconian!
The black draconian knight breathes lightning at you.
The bolt of lightning hits your tentacled monstrosity.
Your tentacled monstrosity resists.
The bolt of lightning hits you!! You resist.
* * * LOW HITPOINT WARNING * * *
The yellow draconian is distracted by your dazzling golden aura.
The red draconian hits your tentacled monstrosity with a +0 flail!
Tiamat hits you from afar with a +1 glaive of venom!!!!
You die...
Your body crumbles into a pile of gold.

♣♣##♣
♣♣~$.♣♣
♣♣⌠~∩~⌠♣♣
#§X@q~..♣
#d>XX♣>♣#
♣°qdd...♣
♣♣⌠...⌠#♣
♣#...##
##$♣# ...
'.


You could see Tiamat (strong, very poisoned, ally target), a green draconian
monk (corroded), a black draconian knight (invisible, catching breath, ally
target), a yellow draconian (unaware, ally target), a red draconian, a friendly
tentacled monstrosity (summoned) and 2 friendly large abominations.

Vanquished Creatures
  A dread lich (Vaults:3)
  Nikola (Snake:4)
  A golden dragon (Depths:3)
  A lich (Depths:3)
  A tentacled monstrosity (Depths:4)
  Jorgrun (Snake:1)
  A titan (Vaults:5)
  A walking divine tome (Depths:3)
  A deep elf master archer (Elf:3)
  A sphinx (Vaults:5)
  4 tengu reavers
  A death cob (Zot:1)
  2 shadow dragons (Vaults:5)
  A draconian knight (Zot:1)
  2 frost giants (Depths:3)
  A fire giant (Depths:3)
  7 vault wardens
  2 iron dragons
  3 orc warlords
  2 deep elf elementalists (Elf:3)
  6 ironbound preservers
  A ghoul (Swamp:3)
  5 stone giants
  18 very ugly things
  A vampire knight (Vaults:2)
  7 ironbound thunderhulks
  5 deep elf annihilators
  A wendigo (Depths:2)
  A green draconian (Depths:4)
  3 spark wasps (Depths:3)
  6 dire elephants
  A deep elf demonologist (Elf:3)
  6 ettins
  2 blizzard demons (Depths:2)
  4 fire dragons
  A jiangshi (Vaults:2)
  2 great orbs of eyes (Vaults:3)
  Josephine (Orc:2)
  A juggernaut simulacrum (Depths:2)
  Erolcha (Orc:1)
  3 yaktaur captains
  Fannar (Orc:1)
  2 vault guards
  The ghost of donbex the Unseen, a journeyman SpEn of Gozag (Lair:3)
  A hell beast (Depths:3)
  9 hydras
  A peacekeeper (Vaults:2)
  A salamander tyrant (Snake:4)
  A boulder beetle (Vaults:1)
  A ghost crab (Swamp:2)
  3 ice dragons
  A spriggan air mage (Depths:3)
  A caustic shrike simulacrum (IceCv)
  5 ironbound frosthearts
  2 anacondas (Snake:4)
  11 dancing weapons
  2 centaur warriors (Vaults:1)
  2 alligators (Swamp:4)
  4 two-headed ogres
  3 deep troll shamans
  2 naga warriors
  5 deep troll earth magi
  A tengu warrior (Depths:2)
  4 naga sharpshooters
  3 hell hogs (Depths:2)
  7 shock serpents
  5 deep elf knights
  7 iron trolls
  2 salamander mystics
  A goliath frog (Swamp:3)
  A glowing orange brain (Vaults:3)
  8 lindwurms
  4 spriggan simulacra
  2 swamp dragons (Swamp:4)
  22 deep trolls
  2 bog bodies (Swamp:1)
  5 deep elf zephyrmancers
  3 naga ritualists (Snake:4)
  8 orc knights
  An obsidian statue (IceCv)
  4 wizards
  9 ironbound convokers
  4 deep elf archers
  A phantasmal warrior (Vaults:5)
  2 necromancers
  2 manticores
  A mana viper (Snake:4)
  13 ugly things
  9 deep elf pyromancers
  7 salamanders
  A fire giant zombie (Depths:1)
  2 guardian serpents (Snake:4)
  17 slime creatures
  2 cyclopes (D:11)
  A frost giant skeleton (Depths:2)
  14 black mambas
  A molten gargoyle (Depths:3)
  A torpor snail (Lair:5)
  A cane toad (Lair:1)
  A smoke demon (Depths:3)
  An orange demon (Depths:1)
  12 vault sentinels
  3 naga magi
  A rime drake (Lair:5)
  2 komodo dragons (Lair:5)
  19 yaktaurs
  A freezing wraith (Depths:2)
  An ice devil (IceCv)
  A troll (shapeshifter) (Elf:2)
  A troll (Orc:2)
  A tyrant leech (Swamp:1)
  A saltling (Vaults:4)
  A blink frog (Lair:5)
  A spriggan (Swamp:4)
  13 yaks
  2 wraiths
  A neqoxec (Depths:1)
  A wyvern (D:7)
  2 water elementals (Depths:2)
  2 fire elementals
  10 vampire mosquitoes
  2 swamp worms
  A minotaur simulacrum (IceCv)
  A steam dragon (D:9)
  A harpy simulacrum (IceCv)
  3 wargs (Orc:1)
  6 nagas
  An ogre zombie (Vaults:2)
  An acid dragon (D:13)
  A hydra simulacrum (IceCv)
  4 water moccasins
  25 orc warriors
  2 ice beasts
  A black bear (D:3)
  An ettin simulacrum (Depths:2)
  A boggart (Vaults:2)
  An alligator simulacrum (IceCv)
  4 ogres
  A human skeleton (Vaults:2)
  A wolf (Lair:1)
  5 centaurs
  An elephant skeleton (Lair:5)
  A nameless horror (Snake:2)
  A phantom (D:4)
  2 kobold brigands
  8 bullfrogs
  5 scorpions
  3 necrophages
  2 gnoll sergeants
  2 earth elementals
  2 deep troll simulacra (IceCv)
  A wight (D:9)
  A lindwurm simulacrum (IceCv)
  5 killer bees
  An elephant simulacrum (Lair:5)
  2 electric eels (Lair:3)
  2 howler monkeys
  7 hounds
  8 orc priests
  A gnoll bouda (D:8)
  5 iguanas
  7 orc wizards
  Robin (D:2)
  10 gnolls
  8 adders
  2 white imps (D:7)
  An ufetubus (D:5)
  2 worms (D:2)
  2 dart slugs
  32 orcs
  7 ball pythons
  5 endoplasms
  7 giant cockroaches
  17 goblins
  6 hobgoblins
  3 jackals (D:1)
  21 kobolds
  5 quokkas
  4 bats
  7 frilled lizards
  4 rats
  A fire vortex (Depths:1)
701 creatures vanquished.

Vanquished Creatures (collateral kills)
  Mara (Snake:3)
  Bai Suzhen (Elf:3)
  2 shard shrikes (Depths:2)
  Xtahua (Vaults:3)
  4 golden dragons
  3 hellephants (Depths:2)
  4 deep elf blademasters
  3 liches
  2 titans (Vaults:5)
  2 deep elf master archers (Elf:3)
  An eldritch tentacle (Snake:4)
  Gastronok (Lair:1)
  A storm dragon (Depths:3)
  The ghost of Xenoroth98 the Brawler, an adept TrBe of Trog (D:15)
  2 tengu reavers
  A thorn hunter (Swamp:4)
  3 shadow dragons
  3 nagarajas
  2 fenstrider witches
  5 fire giants
  4 frost giants
  The ghost of Foxy the Peltast, an adept GrFi of the Shining One (Swamp:1)
  An iron dragon (Depths:3)
  6 deep elf sorcerers
  Aizul (Snake:4)
  11 vault wardens
  Louise (Snake:4)
  2 deep elf elementalists (Elf:3)
  A draconian stormcaller (Depths:4)
  6 stone giants
  The ghost of Jac Xaom the Stormcaller, a journeyman TeAE of Vehumet (Swamp:1)
  16 very ugly things
  13 ironbound preservers
  3 green draconians
  4 ironbound thunderhulks
  2 war gargoyles
  An eleionoma (Swamp:2)
  A vampire knight (Depths:3)
  5 deep elf demonologists
  A white draconian (Zot:1)
  A spark wasp (Depths:3)
  6 dire elephants
  An entropy weaver (Vaults:1)
  4 bunyips
  5 deep elf annihilators
  2 red draconians
  3 ettins
  3 blizzard demons
  4 deep elf death magi (Elf:3)
  7 yaktaur captains
  7 fire dragons
  3 great orbs of eyes
  A rakshasa (Depths:2)
  5 jiangshi
  A ragged hierophant (Vaults:4)
  3 salamander tyrants
  4 deep elf high priests (Elf:3)
  2 shambling mangroves
  6 ice dragons
  15 hydras
  2 boulder beetles
  8 vault guards
  9 anacondas
  A ghost crab (Swamp:2)
  2 ogre magi
  13 naga warriors
  2 two-headed ogres (D:15)
  3 tengu warriors
  2 deep troll shamans
  3 ironbound frosthearts
  22 dancing weapons
  7 alligators
  4 hell hogs (Depths:2)
  7 centaur warriors
  6 deep troll earth magi
  2 death yaks (Lair:4)
  5 shock serpents
  2 orc high priests
  A spriggan berserker (Depths:4)
  12 naga sharpshooters
  4 vampire magi
  9 deep elf knights
  A shock serpent (shapeshifter) (Elf:3)
  8 hell knights
  A soul eater (Depths:1)
  A sun demon (Depths:1)
  Nergalle (Lair:1)
  9 salamander mystics
  A spectral anaconda (Lair:5)
  A sixfirhy (Depths:1)
  A spectral death yak (Lair:5)
  3 goliath frogs
  4 spriggan druids
  7 iron trolls
  37 deep trolls
  A shadow demon (Depths:1)
  8 spriggan simulacra
  4 naga ritualists
  13 swamp dragons
  11 deep elf archers
  4 wizards
  13 bog bodies
  A phantasmal warrior (Vaults:5)
  A golden dragon skeleton (Depths:2)
  12 lindwurms
  11 ironbound convokers
  22 deep elf zephyrmancers
  5 necromancers
  5 orc knights (Vaults:4)
  12 mana vipers
  A human zombie (Vaults:2)
  An orc sorcerer (Orc:2)
  4 cyclopes
  20 ugly things
  20 deep elf pyromancers
  A sphinx skeleton (Depths:1)
  5 elephants (Lair:5)
  A frost giant zombie (Depths:1)
  A manticore (D:15)
  20 salamanders
  A frost giant skeleton (Depths:1)
  7 vault sentinels
  21 black mambas
  2 smoke demons (Depths:3)
  A gargoyle (D:14)
  5 guardian serpents
  An unseen horror (D:12)
  16 naga magi
  A torpor snail (Lair:4)
  3 cane toads
  7 freezing wraiths
  3 rime drakes
  4 komodo dragons
  An efreet (D:15)
  A tengu conjurer (Depths:2)
  6 ice devils (IceCv)
  An anaconda simulacrum (IceCv)
  26 yaktaurs
  A golden dragon simulacrum (IceCv)
  A red devil (Depths:1)
  A hellwing (Depths:1)
  A bloated husk (Swamp:1)
  10 hornets
  A polar bear (Lair:5)
  4 trolls
  4 tyrant leeches
  A tarantella (shapeshifter) (Depths:3)
  4 blink frogs (Lair:5)
  30 slime creatures
  A saltling (Vaults:4)
  3 wraiths (Orc:2)
  A centaur simulacrum (D:15)
  12 spriggans
  A spriggan (shapeshifter) (Elf:1)
  4 water elementals
  An air elemental (Elf:1)
  A wyvern (Lair:5)
  2 ynoxinuls (Depths:1)
  A vampire (D:12)
  A dire elephant simulacrum (Swamp:4)
  A basilisk (Lair:5)
  41 yaks
  Grum (Lair:1)
  A chaos spawn (Depths:1)
  9 vampire mosquitoes
  A fire elemental (Elf:2)
  A hog (shapeshifter) (D:14)
  12 minotaur simulacra
  2 death yak simulacra (Lair:5)
  11 swamp worms
  33 nagas
  3 wargs (Orc:2)
  2 human skeletons (Depths:2)
  9 water moccasins
  2 floating eyes (shapeshifter)
  2 glowing shapeshifter skeletons
  2 ettin simulacra
  3 black bears
  29 orc warriors
  7 swamp drakes (Swamp:4)
  2 elephant zombies (Lair:5)
  An ice beast (D:7)
  3 elephant skeletons (Lair:5)
  12 wolves
  27 centaurs
  2 boggarts (Vaults:2)
  7 ogres
  Blork the orc (D:6)
  A kobold brigand (D:7)
  2 necrophages (Swamp:3)
  6 bullfrogs
  A scorpion (D:7)
  10 deep troll simulacra
  A cane toad simulacrum (Lair:5)
  2 earth elementals (Elf:2)
  2 wights (D:9)
  4 killer bees
  3 lindwurm simulacra
  6 nameless horrors
  4 electric eels
  2 howler monkeys (D:7)
  A hound (D:7)
  9 orc priests
  18 orc wizards
  8 gnolls
  36 orcs
  2 kobolds (D:7)
  A bush (Lair:5)
1144 creatures vanquished.

Vanquished Creatures (others)
  A dread lich (Vaults:5)
  A titan (Vaults:5)
  45 eldritch tentacles
  A sphinx (Vaults:5)
  3 tengu reavers (Vaults:5)
  A frost giant (Vaults:5)
  4 vault wardens (Vaults:5)
  2 very ugly things (Vaults:5)
  A stone giant (Vaults:5)
  An eleionoma (Swamp:2)
  A deep elf demonologist (Vaults:5)
  An ettin (Vaults:5)
  3 yaktaur captains (Vaults:5)
  A deep elf high priest (Vaults:5)
  A deep elf death mage (Elf:3)
  A hydra (D:15)
  21 vault guards (Vaults:5)
  2 alligators
  A naga sharpshooter (Snake:3)
  2 deep elf knights (Elf:2)
  A shadow wraith (Vaults:5)
  A deep elf pyromancer (Elf:2)
  A lindwurm (Vaults:4)
  2 phantasmal warriors (Vaults:5)
  An ironbound convoker (Vaults:5)
  A deep elf zephyrmancer (Elf:1)
  A mana viper (Snake:4)
  2 vault sentinels (Vaults:5)
  3 yaktaurs (Vaults:5)
  2 bloated husks (Swamp:1)
  A troll (Orc:2)
  2 necrophages (Swamp:3)
  3 orcs
  A rat (shapeshifter) (Vaults:5)
  469 foxfires
  52 fungi
  26 plants
  51 snaplasher vines
  32 withered plants (Lair:5)
746 creatures vanquished.

Grand Total: 2591 creatures vanquished

Notes
Turn   | Place    | Note
-------+----------+-------------------------------------------
     0 | D:1      | GeoRichter the Gargoyle Fire Elementalist began the quest
                  | for the Orb.
     0 | D:1      | Reached XP level 1. HP: 10/10 MP: 3/3
   232 | D:1      | Reached XP level 2. HP: 11/15 MP: 1/5
   941 | D:1      | Learned a level 2 spell: Scorch
   982 | D:1      | Reached XP level 3. HP: 19/19 MP: 2/6
  1715 | D:2      | Noticed Robin
  1857 | D:2      | Killed Robin
  1858 | D:2      | Reached XP level 4. HP: 21/24 MP: 0/7
  2204 | D:2      | Found a faded altar of an unknown god.
  2528 | D:3      | Learned a level 4 spell: Flame Wave
  2561 | D:3      | Noticed a black bear
  2585 | D:3      | Killed a black bear
  2586 | D:3      | Reached XP level 5. HP: 27/28 MP: 0/9
  2759 | D:3      | Found Ituteded's Distillery.
  2764 | D:3      | Bought a potion of curing for 42 gold pieces
  2764 | D:3      | Bought a potion of heal wounds for 70 gold pieces
  3469 | D:4      | Reached skill level 5 in Fire Magic
  3469 | D:4      | Reached XP level 6. HP: 25/32 MP: 2/11
  3555 | D:4      | Learned a level 3 spell: Call Canine Familiar
  3920 | D:4      | Found Oreridgh's Elemental Accessories.
  3933 | D:4      | Reached skill level 1 in Summonings
  4036 | D:4      | Found a staircase to the Ecumenical Temple.
  4045 | Temple   | Entered the Ecumenical Temple
  4051 | Temple   | Became a worshipper of Gozag Ym Sagoz the Greedy
  4117 | D:4      | Reached XP level 7. HP: 36/36 MP: 6/13
  4320 | D:4      | Found a shimmering altar of Xom.
  4497 | D:4      | Reached skill level 2 in Summonings
  4921 | D:5      | Entered Level 5 of the Dungeon
  5049 | D:5      | Reached skill level 3 in Summonings
  5511 | D:5      | Reached skill level 4 in Summonings
  5511 | D:5      | Reached XP level 8. HP: 41/41 MP: 8/15
  5664 | D:5      | Reached skill level 5 in Spellcasting
  6429 | D:6      | Reached skill level 5 in Summonings
  6675 | D:6      | Noticed Blork the orc
  6689 | D:6      | Killed Blork the orc
  6923 | D:6      | Reached skill level 6 in Summonings
  6942 | D:6      | Learned a level 5 spell: Summon Forest
  7175 | D:6      | Reached XP level 9. HP: 34/45 MP: 11/18
  7494 | D:6      | Reached skill level 7 in Summonings
  7874 | D:7      | Reached skill level 1 in Translocations
  8399 | D:7      | Reached skill level 8 in Summonings
  9082 | D:8      | Noticed a deep elf pyromancer
  9102 | D:8      | Killed a deep elf pyromancer
  9103 | D:8      | Reached XP level 10. HP: 50/50 MP: 8/21
  9787 | D:8      | Reached skill level 5 in Translocations
 10980 | D:9      | Found a staircase to the Orcish Mines.
 11055 | D:9      | Found an ornate altar of the Wu Jian Council.
 11065 | D:9      | Reached skill level 9 in Summonings
 11610 | D:10     | Entered Level 10 of the Dungeon
 11617 | D:10     | Found an iron altar of Okawaru.
 11650 | D:10     | Found a portal to a secret trove of treasure.
 11671 | D:10     | Found Balec's Magic Scroll Boutique.
 11676 | D:10     | Bought a scroll of enchant armour for 127 gold pieces
 12014 | D:10     | Reached XP level 11. HP: 16/54 MP: 3/23
 12681 | D:10     | Identified a scroll of acquirement
 12681 | D:10     | Acquired 530 gold pieces
 13732 | D:11     | Noticed a two-headed ogre
 13742 | D:11     | Killed a two-headed ogre
 13910 | D:11     | Found a staircase to the Lair.
 13922 | D:11     | Noticed a cyclops
 13929 | D:11     | Killed a cyclops
 14264 | D:11     | Noticed a manticore
 14272 | D:11     | Killed a manticore
 14432 | D:11     | Noticed a cyclops
 14478 | Lair:1   | Entered Level 1 of the Lair of Beasts
 14642 | Lair:1   | Acquired the +1 robe "Uvyviwky" {rN+ Int+5}
 14667 | Lair:1   | Noticed Nergalle
 14753 | Lair:1   | Killed Nergalle
 14887 | Lair:1   | Reached skill level 10 in Summonings
 14962 | Lair:1   | Noticed a four-headed hydra
 14985 | Lair:1   | Killed a four-headed hydra
 15085 | Lair:1   | Noticed Grum
 15090 | Lair:1   | Killed Grum
 15225 | Lair:1   | Noticed Gastronok
 15258 | Lair:1   | Killed Gastronok
 15259 | Lair:1   | Reached XP level 12. HP: 59/59 MP: 17/25
 15347 | Lair:1   | Reached skill level 1 in Fighting
 15570 | Lair:1   | Reached skill level 1 in Armour
 15924 | Lair:2   | Noticed a seven-headed hydra
 15934 | Lair:2   | Killed a seven-headed hydra
 16378 | Lair:2   | Found a staircase to the Snake Pit.
 16684 | Lair:2   | Learned a level 6 spell: Summon Cactus Giant
 16692 | Lair:2   | Learned a level 7 spell: Malign Gateway
 16998 | Lair:3   | Reached skill level 10 in Spellcasting
 17082 | Lair:3   | Found a staircase to the Swamp.
 17435 | Lair:3   | Found a runed translucent door.
 17493 | Lair:3   | Found a shimmering altar of Xom.
 17493 | Lair:3   | Noticed donbex's ghost (journeyman SpEn)
 17493 | Lair:3   | Identified the +6 trident "Ofaid" {chaos, rF+}
 17859 | Lair:3   | Reached skill level 5 in Fighting
 17865 | Lair:3   | Killed donbex's ghost
 18285 | Lair:4   | Noticed a death yak
 18285 | Lair:4   | Noticed a death yak
 18293 | Lair:4   | Killed a death yak
 18295 | Lair:4   | Killed a death yak
 19097 | Lair:5   | Entered Level 5 of the Lair of Beasts
 19107 | Lair:5   | Reached skill level 11 in Summonings
 19107 | Lair:5   | Reached XP level 13. HP: 74/74 MP: 19/27
 19636 | Lair:5   | Reached skill level 5 in Armour
 19822 | Lair:5   | Found a staircase to the Slime Pits.
 20990 | Lair:5   | Noticed a dire elephant
 20993 | Lair:5   | Noticed a dire elephant
 21078 | Lair:5   | Reached skill level 5 in Dodging
 21426 | Lair:5   | Killed a dire elephant
 21670 | Lair:5   | Killed a dire elephant
 22247 | Orc:1    | Entered Level 1 of the Orcish Mines
 22259 | D:9      | Bought the +4 moon troll leather armour {Spirit, Regen++
                  | MP+5} for 872 gold pieces
 22259 | D:9      | Found the +4 moon troll leather armour {Spirit, Regen++
                  | MP+5}
 22275 | D:9      | Bought the +3 pair of seven-league boots {Rampage+∞} for
                  | 640 gold pieces
 22275 | D:9      | Found the +3 pair of seven-league boots {Rampage+∞}
 22277 | D:9      | Bought a +2 pair of gloves of stealth for 279 gold pieces
 22490 | Orc:1    | Noticed Erolcha
 22534 | Orc:1    | Killed Erolcha
 22535 | Orc:1    | Gained mutation: Your large and strong wings let you fly.
                  | [Gargoyle growth]
 22535 | Orc:1    | Reached XP level 14. HP: 74/86 MP: 15/29
 22660 | D:9      | Bought the ring "Siur" {rF+ rC+ Str+4 Dex+6 Stlth-} for 896
                  | gold pieces
 22857 | Orc:1    | Noticed an orc warlord
 22878 | Orc:1    | Killed an orc warlord
 23079 | Orc:1    | Noticed Fannar
 23105 | Orc:1    | Killed Fannar
 23459 | Orc:2    | Entered Level 2 of the Orcish Mines
 23464 | Orc:2    | Reached skill level 12 in Summonings
 23464 | Orc:2    | Noticed Josephine
 23505 | Orc:2    | Found Pew Ihyd's Antique Weapon Shoppe.
 23518 | Orc:2    | Killed Josephine
 23541 | Orc:2    | Reached skill level 10 in Fighting
 23563 | Orc:2    | Reached skill level 10 in Translocations
 24164 | Orc:2    | Found a staircase to the Elven Halls.
 24385 | Orc:2    | Found Yplaubinn's Book Shoppe.
 24385 | Orc:2    | Found Oquyfula's Armour Boutique.
 24385 | Orc:2    | Found Equddi's Antique Weapon Shop.
 24388 | Orc:2    | Found Osa Kocw's Assorted Antiques.
 24392 | Orc:2    | Bought a manual of Dodging for 1040 gold pieces
 24400 | Orc:2    | Bought a lumpy amethyst amulet for 135 gold pieces
 24400 | Orc:2    | Bought a potion of heal wounds for 135 gold pieces
 24400 | Orc:2    | Bought a scroll of enchant armour for 202 gold pieces
 25914 | D:12     | You are sucked into a shaft and drop 1 floor!
 26493 | D:12     | Identified the ring of Ikhaku {rN+ Str+5 SInv}
 26501 | D:12     | Identified the +4 whip "Jaaj" {speed, Fragile Fly rC+
                  | Dex+5}
 26711 | D:13     | Reached skill level 1 in Shields
 26877 | D:13     | Found a gate to the Vaults.
 26886 | D:13     | Identified the +2 robe of Naisoam {Dex+6}
 27109 | D:13     | Reached XP level 15. HP: 95/95 MP: 30/30
 27708 | D:14     | Identified the +3 scale mail of Vlad {rF+ rN++ rCorr Int-5}
 28128 | D:15     | Entered Level 15 of the Dungeon
 28136 | D:15     | Found a runed translucent door.
 28136 | D:15     | Found a shimmering altar of Xom.
 28136 | D:15     | Noticed Xenoroth98's ghost (adept TrBe)
 28147 | D:15     | Reached skill level 13 in Summonings
 28894 | D:15     | Found a staircase to the Depths.
 29140 | D:15     | Killed Xenoroth98's ghost
 29148 | D:15     | Identified the ring of Lugonu's Fury {rN+ Stlth+}
 29618 | Swamp:1  | Entered Level 1 of the Swamp
 29627 | Swamp:1  | Reached skill level 5 in Shields
 29628 | Swamp:1  | Found a runed translucent gate.
 30196 | Swamp:1  | Found a runed translucent gate.
 30383 | Swamp:1  | Noticed Jac Xaom's ghost (journeyman TeAE)
 30384 | Swamp:1  | Found a runed translucent gate.
 30384 | Swamp:1  | Noticed Foxy's ghost (adept GrFi)
 30477 | Swamp:1  | Identified the +3 cloak of Polytheism {rC+ Stlth+}
 30847 | Swamp:1  | Killed Jac Xaom's ghost
 30850 | Swamp:1  | Killed Foxy's ghost
 30869 | Swamp:1  | Identified the amulet "Tywewk" {RegenMP +Blink MP-9 SInv}
 30985 | Swamp:2  | Reached XP level 16. HP: 103/103 MP: 24/32
 31100 | Swamp:2  | Learned a level 8 spell: Summon Horrible Things
 31291 | Swamp:2  | Identified the +3 whip of Spring {holy, +Blink Dex+4}
 31691 | Swamp:3  | Found a transporter.
 31713 | Swamp:3  | Reached skill level 14 in Summonings
 31713 | Swamp:3  | Noticed Merkmiralles's ghost (journeyman MiBe)
 31718 | Swamp:3  | Noticed a fenstrider witch
 31724 | Swamp:3  | Killed a fenstrider witch
 31761 | Swamp:3  | Found a transporter.
 32404 | Swamp:4  | Entered Level 4 of the Swamp
 32416 | Swamp:4  | Found a frozen archway.
 32498 | IceCv    | Entered an ice cave
 33440 | IceCv    | Reached skill level 15 in Summonings
 33627 | IceCv    | Identified the +4 ring mail of the Elephant {Drain Int-4
                  | Dex+10}
 33708 | Swamp:4  | Noticed a fenstrider witch
 33708 | Swamp:4  | Paralysed by a fenstrider witch for 5 turns
 33717 | Swamp:4  | Killed a fenstrider witch
 33785 | Swamp:4  | Reached XP level 17. HP: 61/108 MP: 11/34
 34392 | Swamp:4  | Learned a level 7 spell: Monstrous Menagerie
 34636 | Swamp:3  | Reached skill level 16 in Summonings
 34685 | Swamp:4  | Got a decaying rune of Zot
 34807 | Snake:1  | Entered Level 1 of the Snake Pit
 35194 | Snake:1  | Noticed Jorgrun
 35199 | Snake:1  | Noticed Rrauwl's ghost (adept MiAK)
 35208 | Snake:1  | Killed Jorgrun
 35845 | Snake:1  | Found a transporter.
 35853 | Snake:1  | Found a transporter.
 36635 | Snake:2  | You are sucked into a shaft and drop 1 floor!
 37067 | Snake:2  | Reached XP level 18. HP: 107/113 MP: 29/36
 37434 | Snake:2  | Reached skill level 17 in Summonings
 37825 | Snake:3  | Noticed Mara
 37884 | Snake:3  | Noticed GeoRichter's illusion
 37918 | Snake:3  | Noticed a tentacled monstrosity
 37969 | Snake:3  | Noticed GeoRichter's illusion
 37973 | Snake:3  | Noticed a tentacled monstrosity
 37994 | Snake:3  | Paralysed by a sphinx for 2 turns
 38296 | Snake:3  | Noticed GeoRichter's illusion
 38299 | Snake:3  | Killed Mara
 38556 | Snake:4  | Entered Level 4 of the Snake Pit
 38924 | Snake:4  | Identified the +2 plate armour of Noughts and Crosses
                  | {Str+4}
 38994 | Snake:4  | Noticed Louise
 38995 | Abyss:2  | Cast into level 2 of the Abyss (Louise)
 39004 | Snake:4  | Escaped the Abyss
 39017 | Snake:4  | Killed Louise
 39426 | Snake:4  | Noticed Nikola
 39433 | Snake:4  | Killed Nikola
 39508 | Snake:4  | Reached skill level 18 in Summonings
 40007 | Snake:4  | Noticed Aizul
 40017 | Snake:4  | Killed Aizul
 40029 | Snake:4  | Reached XP level 19. HP: 101/118 MP: 14/37
 40064 | Snake:4  | Reached skill level 15 in Spellcasting
 40331 | Snake:4  | Got a serpentine rune of Zot
 40722 | Elf:1    | Entered Level 1 of the Elven Halls
 41013 | Elf:1    | Paralysed by an air elemental for 1 turns
 41549 | Elf:1    | Got Iskenderun's Meditations on Damage Dealing
 41605 | Elf:1    | Found Gaaq's General Store.
 41607 | Elf:1    | Found Keblunev's Specific Store.
 41896 | Elf:2    | Reached skill level 15 in Translocations
 42112 | Elf:2    | Reached skill level 1 in Polearms
 42126 | Elf:2    | Reached skill level 19 in Summonings
 42245 | Elf:2    | Identified the +8 chain mail of Weirdness {+Blink}
 42670 | Elf:2    | Found a runed translucent gate.
 42671 | Elf:2    | Found a runed translucent gate.
 42671 | Elf:2    | Found a runed translucent gate.
 43256 | Elf:2    | Reached XP level 20. HP: 124/125 MP: 26/39
 43595 | Elf:3    | Entered Level 3 of the Elven Halls
 43890 | Elf:3    | Reached skill level 5 in Polearms
 43896 | Elf:3    | Identified the ring of Voniodee {Fly Stlth+}
 43919 | Elf:3    | Identified the +6 great sword "Yrogoal" {flame, rC+ Stlth+}
 43919 | Elf:3    | Identified the ring "Vochuvub" {rF+ Str+2}
 44014 | Elf:3    | Identified the +6 flail of Sunlight {freeze, Str+5 Dex-4}
 44019 | Elf:3    | Identified the ring "Agiqerch" {rC+ Will+ Stlth+}
 44045 | Elf:3    | Noticed Bai Suzhen
 44436 | Elf:3    | Found the +8 longbow "Zephyr" {speed, Dex+3 SInv}
 44448 | Elf:3    | Got the Catalogue of Attacks
 44450 | Elf:3    | Got Sif Muna's Omnibus of Beguiling
 44450 | Elf:3    | Got the Almanac of Combative Formation
 44622 | Elf:3    | Killed Bai Suzhen
 45246 | Vaults:1 | Entered Level 1 of the Vaults
 45645 | Vaults:1 | Found Zuty's Antique Weapon Shop.
 45910 | Vaults:1 | Reached skill level 15 in Fighting
 45910 | Vaults:1 | Reached XP level 21. HP: 104/134 MP: 19/41
 46948 | Vaults:2 | Paralysed by a vampire knight for 3 turns
 47025 | Vaults:2 | Found a staircase to the Crypt.
 47095 | Vaults:2 | Paralysed by a great orb of eyes for 3 turns
 47373 | Vaults:2 | Reached skill level 10 in Polearms
 48393 | Vaults:3 | Noticed Xtahua
 48564 | Vaults:3 | Noticed a dread lich
 48575 | Vaults:3 | Killed Xtahua
 48578 | Vaults:3 | Killed a dread lich
 48707 | Vaults:3 | You are sucked into a shaft and drop 1 floor!
 48797 | Vaults:3 | Found Pecuts's Armour Shop.
 48804 | Vaults:3 | Bought the +3 robe "Kixomn" {Drain Will+++ Archmagi} for
                  | 1122 gold pieces
 49058 | Vaults:3 | Reached XP level 22. HP: 132/140 MP: 17/42
 49351 | Vaults:3 | Found Yjis's Distillery.
 49356 | Vaults:3 | Bought a potion of mutation for 160 gold pieces
 50168 | Vaults:4 | Reached skill level 20 in Summonings
 50243 | Vaults:4 | Identified the ring "Entu" {Ice Str+2 Int+3 SInv}
 50367 | Vaults:4 | Identified the +3 falchion of Valour {vorpal, rF+ Str+3}
 51057 | Vaults:4 | Identified the +7 great sword of the Three Eyes {protect,
                  | rC+ Int+2 Dex+2}
 51461 | Vaults:5 | Entered Level 5 of the Vaults
 51462 | Vaults:5 | Noticed a dread lich
 51477 | Vaults:5 | Killed a dread lich
 51658 | Vaults:5 | Noticed a golden dragon
 51671 | Vaults:5 | Killed a golden dragon
 51706 | Vaults:5 | Reached skill level 21 in Summonings
 51789 | Vaults:5 | Reached XP level 23. HP: 134/144 MP: 35/44
 51802 | Vaults:5 | Noticed a golden dragon
 51812 | Vaults:5 | Killed a golden dragon
 52596 | Vaults:5 | Got the Incunable of Overcast Bolts
 52733 | Vaults:5 | Got a silver rune of Zot
 52913 | Vaults:5 | Bought the ring of Pima {rPois rF+ Str+2 Int+6} for 1051
                  | gold pieces
 53211 | Depths:1 | Entered Level 1 of the Depths
 53468 | Depths:1 | Found a one-way gate leading to the halls of Pandemonium.
 53535 | Depths:1 | Found a shimmering altar of Xom.
 53536 | Depths:1 | Found a shimmering altar of Xom.
 53536 | Depths:1 | Found a shimmering altar of Xom.
 53538 | Depths:1 | Found a shimmering altar of Xom.
 53541 | Depths:1 | Found a shimmering altar of Xom.
 53541 | Depths:1 | Found a shimmering altar of Xom.
 53544 | Depths:1 | Found a shimmering altar of Xom.
 53670 | Depths:1 | Reached skill level 22 in Summonings
 53889 | Depths:1 | Found a corrupted altar of Lugonu.
 53965 | Depths:1 | Found a gateway to Hell.
 54131 | Depths:1 | Found a one-way gate to the infinite horrors of the Abyss.
 54664 | Depths:2 | Reached XP level 24. HP: 106/151 MP: 19/45
 54765 | Depths:2 | Noticed a shard shrike
 54801 | Depths:2 | Noticed a shard shrike
 54813 | Depths:2 | Killed a shard shrike
 54814 | Depths:2 | Reached skill level 23 in Summonings
 54819 | Depths:2 | Paralysed by a wendigo for 1 turns
 54821 | Depths:2 | Killed a shard shrike
 55197 | Depths:3 | Found a one-way gateway to a ziggurat.
 55377 | Depths:3 | Identified the +1 mace of the Healing Spider {speed, Dex+4}
 55469 | Depths:3 | Acquired the +1 pair of boots of a Labyrinth {Regen+ Str+5}
 55501 | Depths:3 | Identified the +1 leather armour of Cocytus {rPois}
 55503 | Depths:3 | Identified the amulet of Xom's Whimsicality {Acrobat
                  | Rampage +Inv rC++ Will-}
 55505 | Depths:3 | Identified the ring of Fyuxuten {Drain Fly rN+ Dex+6 SInv}
 55521 | Depths:3 | Identified the +0 spear of Imminent Death {antimagic,
                  | Str+3}
 56228 | Depths:4 | Entered Level 4 of the Depths
 56421 | Depths:4 | Reached skill level 24 in Summonings
 56703 | Depths:4 | Found a gate to the Realm of Zot.
 57213 | Zot:1    | Entered Level 1 of the Realm of Zot
 57225 | Zot:1    | Found the +4 dragonskin cloak
 57225 | Zot:1    | Noticed Tiamat
 57240 | Zot:1    | Slain by Tiamat

Illustrated notes

Levels and vault maps discovered:
D:1:      lemuel_arrival_hallway, layout_basic
D:2:      minmay_inner_zag, layout_rooms, hellmonk_ecumenical_altar_run_dry,
          uniq_robin
D:3:      layout_basic, serial_shops, nicolae_square_shop
D:4:      layout_basic, minmay_temple_entry_arrows, kennysheep_minor_cross,
          nicolae_elemental_shop, minmay_ruined_shrine
D:5:      layout_basic, kennysheep_dice
D:6:      layout_loops_ring, uniq_blork_the_orc
D:7:      layout_basic
D:8:      layout_rooms
D:9:      layout_irregular_city, lemuel_crystal_altar, orc_0_dummy,
          nicolae_eternal_life, minivault_26
D:10:     layout_cave_pods, okawaru_trees_1, serial_shops,
          nicolae_shop_hallway_plus, enter_trove_2, dk_noncrumbling_4
D:11:     layout_long_grid, lair_entry_dummy
D:12:     layout_roguey, chequers_serial_rivers_room_a, minivault_21
D:13:     layout_basic, erik_vaults_1
D:14:     layout_basic, kennysheep_crisscross
D:15:     grunt_enter_depths_hoard, layout_layer_cave, ebering_ghost_xom,
          corexii_leaking_fountain
Temple:   nicolae_temple_bog_church
Lair:1:   layout_cave_pods, uniq_grum, uniq_nergalle, uniq_gastronok
Lair:2:   layout_gridlike, minmay_snake_entry_guardpost_small,
          lemuel_fruit_tree, infiniplex_staircase_pool
Lair:3:   layout_misc_corridors, minmay_swamp_entry_eels, ebering_ghost_xom
Lair:4:   layout_cave_pods
Lair:5:   due_jungle_book, layout_regular_city, dpeg_slime_entry_corner
Swamp:1:  layout_basic_swamp, gammafunk_ghost_cemetery,
          evilmike_swamp_ruin_house_2
Swamp:2:  layout_basic_swamp, hangedman_swamp_blocks
Swamp:3:  layout_basic_swamp, gammafunk_ghost_berserking_beasts,
          hangedman_swamp_diagram, swamp_pool1, hangedman_swamp_ravenous
Swamp:4:  swamp, layout_basic_swamp, portal_ice_cave_entry_ice_simulacra,
          nicolae_swamp_treefoil
Snake:1:  layout_chambers, gammafunk_ghost_arena, grunt_ministairs_3,
          nicolae_snake_gridmaze_spiral, uniq_jorgrun
Snake:2:  layout_basic
Snake:3:  nicolae_snake_nest, layout_misc_corridors, serial_bayou_shore_b,
          uniq_mara
Snake:4:  snake_pit_salamanders_mu, layout_onion_interference, uniq_aizul,
          uniq_nikola, uniq_louise
Orc:1:    layout_diamond_mine, basic_altar, nicolae_orc_damp_corner,
          uniq_erolcha, uniq_fannar
Orc:2:    st_orc_rangers, layout_caves, serial_shops, shop_fountains,
          mines2_lemuel, uniq_josephine
Elf:1:    layout_geoelf_octagon, minmay_elf_annihilation, nicolae_specific_store
Elf:2:    nicolae_elf_blades_crystal_corner, layout_onion_city
Elf:3:    minmay_elf_hall_statues, layout_gridlike, nicolae_elf_stone_circles,
          uniq_bai_suzhen
Vaults:1: vaults_room_grunt_arrival_ludios, grunt_vaults_twisty, v_pattern_5,
          nicolae_vaults_stairing_the_circle, vaults_room_grid,
          nicolae_vaults_ninety_degrees, ontoclasm_vaults_loading_screen,
          hangedman_vaults_slice, vaults_mumra_chevron, vaults_room_pool,
          ontoclasm_vaults_ligature, ontoclasm_vaults_pinch,
          ontoclasm_vaults_idyll, vaults_room_door_ring, layout_vaults_maze,
          serial_shops, nicolae_shop_hallway_plus
Vaults:2: vaults_mumra_chevron_long, minmay_crypt_entry_simple_walls, v_misc_29,
          v_misc_15, nicolae_vaults_network_s, nicolae_vaults_little_squares_5,
          vaults_room_door_ring, vaults_dpeg_encased_lava,
          hangedman_vaults_maws, layout_vaults_omnigrid
Vaults:3: vaults_room_large_hall, v_misc_1, hangedman_vaults_slither,
          nicolae_vaults_bisected_slash, vaults_mumra_lcd, st_more_cells,
          v_alt_pattern_2, ontoclasm_vaults_chip, vaults_dpeg_diagonal,
          dpeg_vaults_monster_box, vaults_room_fours,
          vaults_dpeg_emergency_exit, layout_vaults_chaotic_city, serial_shops,
          shop_fountains, uniq_xtahua
Vaults:4: portal_desolation_entry_nicolae_nacl, vaults_dpeg_spiral,
          hangedman_vaults_snaps, vaults_mumra_minichess_inversion,
          nicolae_vaults_what_the_h, ontoclasm_vaults_bender, vaults_room_fours,
          ontoclasm_vaults_misaligned, hangedman_vaults_slice,
          ontoclasm_vaults_hangar, vaults_room_pools, v_misc_22,
          ontoclasm_vaults_chip, special_room_vaults [special_room_orc],
          layout_vaults_omnicross
Vaults:5
Depths:1: layout_basic, nicolae_xom_altar_mimics, abyss_entry_flame_altar,
          grunt_pan_entry_sceptre, pf_coc_iceberg, kennysheep_generic_room_12
Depths:2: dreamdust_isle_of_ice, layout_cave_pools, pan_entry, grunt_hell_horde,
          infiniplex_staircase_zigzag_5
Depths:3: minmay_strange_plus, layout_cave_shapes, enter_ziggurat_a,
          abyss_entry, hellmouth_1, infiniplex_staircase_star,
          serial_bayou_shore_b
Depths:4: evilmike_zot_entry_basic, layout_gridlike,
          hangedman_abyss_or_decor_stabs, hell_entry, minmay_tree_intersection
Zot:1:    layout_twisted_circle, grunt_ministairs_7, st_stairs_4, uniq_tiamat

Skill      XL: |  1  2  3  4  5  6  7  8  9 10 11 12 13 14 15 16 17 18 19 20 21 22 23 24 |
---------------+-------------------------------------------------------------------------+-----
Conjurations   | 2 3 4 |  4.0
Fire Magic     | 4 5 |  5.0
Spellcasting   | 3 4 6 7 8 9 10 11 12 13 14 15 16 17 18 19 | 19.4
Summonings     | 1 4 6 8 9 10 11 12 13 15 16 18 19 21 22 24 | 24.1
Translocations | 4 6 9 10 12 13 14 15 | 15.0
Fighting       | 6 9 11 12 13 15 | 15.3
Armour         | 4 6 7 8 |  8.3
Dodging        | 3 5 6 7 8 9 |  9.3
Shields        | 1 6 |  6.4
Polearms       | 3 7 13 14 | 14.0
Stealth        | |  2.1

Action                   |  1- 3 |  4- 6 |  7- 9 | 10-12 | 13-15 | 16-18 | 19-21 | 22-24 || total
-------------------------+-------+-------+-------+-------+-------+-------+-------+-------++-------
Melee: Unarmed           |    20 |       |       |       |       |       |       |       ||    20
       Dagger            |    17 |    18 |    16 |       |       |       |       |       ||    51
       Spear             |       |       |    42 |   179 |   635 |   810 |       |       ||  1666
       Punch             |       |       |       |       |     5 |       |       |       ||     5
       Demon trident     |       |       |       |       |       |   129 |   890 |  1257 ||  2276
Throw: Dart              |       |     1 |     3 |       |     1 |       |       |       ||     5
 Cast: Foxfire           |    61 |    46 |    88 |    82 |     9 |       |     1 |       ||   287
       Scorch            |     6 |    23 |    86 |   142 |    54 |       |       |       ||   311
       Call Canine Famil |       |       |    19 |    55 |    51 |    22 |     2 |       ||   149
       Summon Forest     |       |       |       |    20 |    55 |    62 |    54 |    37 ||   228
       Summon Cactus Gia |       |       |       |     4 |    79 |    69 |     7 |       ||   159
       Monstrous Menager |       |       |       |       |       |   116 |   166 |    27 ||   309
       Malign Gateway    |       |       |       |       |       |    11 |    23 |    12 ||    46
       Summon Horrible T |       |       |       |       |       |     1 |     6 |    59 ||    66
Invok: Call Merchant     |       |       |       |       |     3 |       |       |     4 ||     7
       Potion Petition   |       |       |       |       |       |     2 |       |       ||     2
       Bribe Branch      |       |       |       |       |       |       |       |     2 ||     2
Evoke: Wand              |       |       |       |       |     9 |       |       |       ||     9
  Use: Potion            |     1 |       |     1 |     3 |     1 |     8 |     2 |     5 ||    21
       Scroll            |       |       |     2 |    22 |    11 |    14 |     6 |     4 ||    59
 Stab: Sleeping          |     1 |       |       |       |     1 |     7 |     4 |       ||    13
       Distracted        |       |       |     1 |     2 |    15 |    25 |    26 |    46 ||   115
       Paralysed         |       |       |       |       |       |     3 |     2 |       ||     5
       Confused          |       |       |       |       |       |       |     1 |     1 ||     2
Armor: Robe              |    21 |    19 |       |    66 |    97 |       |       |       ||   203
       Leather armour    |       |       |    39 |    68 |       |       |       |       ||   107
       Troll leather arm |       |       |       |       |   399 |   760 |   442 |   388 ||  1989
Dodge: Dodged            |    47 |    23 |    51 |   127 |   518 |   636 |   399 |   351 ||  2152
Block: Buckler           |       |       |       |       |    78 |   347 |   203 |   174 ||   802
